 Dungeon Crawl Stone Soup version 0.30-a0-715-gdb4ae3ece1 (webtiles) character file.

Game seed: 800601058721328553

1137 retardedninja the Trooper (level 8, -10/51 HPs)
             Began as a Gargoyle Fighter on Jan 24, 2023.
             Mangled by Maggie
             ... wielding a +2 heavy war axe
              (13 damage)
             ... on level 6 of the Dungeon.
             The game lasted 00:09:22 (6866 turns).

retardedninja the Trooper (Gargoyle Fighter)        Turns: 6866, Time: 00:09:23

Health: -10/51     AC: 22    Str: 22    XL:     8   Next: 36%
Magic:  8/8        EV:  7    Int:  6    God:
Gold:   353        SH:  5    Dex:  9    Spells: 7/7 levels left

rFire   + . .      SeeInvis .    a - +2 flail
rCold   . . .      Faith    .    c - +0 buckler
rNeg    + . .      Spirit   .    j - +2 chain mail {rF+}
rPois   ∞          Reflect  .    (no helmet)
rElec   +          Harm     +    o - +2 cloak of the Zebra {Harm Regen+ rCorr Int-3}
rCorr   +          Rampage  .    (no gloves)
Will    .....                    b - +0 pair of boots Stlth
                                 (no amulet)
HPRegen 1.08/turn                (no ring)
MPRegen 0.11/turn                (no ring)

@: no status effects
A: sickness immunity, AC +5, negative energy resistance 1, electricity
resistance, torment resistance 1, petrification resistance
a: no special abilities


You were on level 6 of the Dungeon.
You visited 2 branches of the dungeon, and saw 7 of its levels.

You collected 353 gold pieces.

Inventory:

Hand Weapons
 a - a +2 flail (weapon)
Armour
 b - a +0 pair of boots (worn)
 c - a +0 buckler (worn)
 j - a +2 chain mail of fire resistance (worn)
 o - the +2 cloak of the Zebra (worn) {Harm Regen+ rCorr Int-3}
   (You found it on level 4 of the Dungeon)

   Int:       It affects your intelligence (-3).
   Regen:     It increases your rate of health regeneration.
   rCorr:     It protects you from acid and corrosion.
   Harm:      It increases damage dealt and taken.
Scrolls
 d - a scroll of blinking {unknown}
 e - 2 scrolls of fear
 h - 2 scrolls of magic mapping {unknown}
 l - a scroll of teleportation
 n - a scroll of fog {unknown}
 q - a scroll of amnesia {unknown}
Potions
 g - a potion of haste
 i - a potion of brilliance
 k - a potion of might
 m - a potion of lignification
 p - a potion of invisibility {unknown}


   Skills:
 + Level 6.2 Fighting
 + Level 5.1 Maces & Flails
 + Level 6.2 Armour
 + Level 6.2 Shields


You had 7 spell levels left.
You didn't know any spells.
Your spell library contained the following spells:

 Spells                   Type           Power      Damage    Failure   Level
 Sandblast                Erth           0%         2d4       99%         1
 Sting                    Tmut/Pois      0%         1d3       99%         1
 Blink                    Tloc           0%         N/A       100%        2
 Lesser Beckoning         Tloc           0%         N/A       100%        2
 Momentum Strike          Conj/Tloc      0%         3d8       100%        2
 Passwall                 Tmut/Erth      0%         N/A       100%        2
 Poisonous Vapours        Pois/Air       0%         N/A       100%        2
 Stone Arrow              Conj/Erth      0%         3d7       100%        3
 Anguish                  Hex/Necr       0%         N/A       100%        4
 Olgreb's Toxic Radiance  Pois           0%         N/A       100%        4
 Enfeeble                 Hex            0%         N/A       100%        7


Dungeon Overview and Level Annotations

Branches:
Dungeon (6/15)             Temple (1/1) D:4

Altars:
Ashenzari
Dithmenos
Elyvilon
Hepliaklqana
Qazlal
Ru
Sif Muna
Trog
Uskayaw
Xom

Annotations:
D:6 Maggie


Innate Abilities, Weirdness & Mutations

You are immune to sickness and miasma.
Your stone body is resilient. (AC +5)
You are immune to poison.
You resist negative energy. (rN+)
You are resistant to electric shocks. (rElec)
You are resistant to unholy torment.
You are immune to petrification.


Message History

You closely miss Maggie.
Maggie is heavily wounded.
The bullfrog hits you but does no damage. x2
Maggie hits you but does no damage.
You sock Maggie!
Maggie is severely wounded.
The bullfrog hits you but does no damage.
The bullfrog barely misses you.
You hit Maggie but do no damage.
Maggie is severely wounded.
The bullfrog barely misses you. Maggie gestures at you while chanting.
The bolt of fire hits you but does no damage.
The bullfrog barely misses you. You block Maggie's attack.
You hit Maggie.
Maggie is severely wounded.
The bullfrog closely misses you. The bullfrog barely misses you.
You hit Maggie.
Maggie is severely wounded.
Maggie hits you with a +2 heavy war axe!
The bullfrog hits you.
* * * LOW HITPOINT WARNING * * *
The bullfrog hits you but does no damage.
You hit Maggie.
Maggie is almost dead.
You block the bullfrog's attack.
Maggie hits you with a +2 heavy war axe!
* * * LOW HITPOINT WARNING * * *
The bullfrog barely misses you.
Okay, then.
It was a potion of cancellation.
You feel magically purged.
The bullfrog hits you but does no damage.
Maggie hits you but does no damage.
You hit Maggie.
Maggie is almost dead.
The bullfrog hits you.
* * * LOW HITPOINT WARNING * * *
The bullfrog hits you but does no damage.
Maggie hits you with a +2 heavy war axe!
You die...

#....# #....#
#....# #....#
.#+####....####
..........=....
......[........
..[...F<.......
#......@@......
####+##........
######+##


You could see Maggie and a bullfrog.

Vanquished Creatures
  Sigmund (D:4)
  An ice beast (D:5)
  A phantom (D:5)
  A necrophage (D:5)
  3 scorpions
  2 orc priests
  3 hounds
  A jelly (D:4)
  Jessica (D:2)
  2 iguanas (D:5)
  Terence (D:2)
  Natasha (thrice) (D:3)
  2 orc wizards
  8 adders
  A shadow imp (D:5)
  3 worms
  2 dart slugs
  8 orcs
  5 ball pythons
  4 endoplasms
  4 giant cockroaches (D:1)
  12 goblins
  10 hobgoblins
  4 jackals (D:2)
  4 quokkas
  3 bats
  2 frilled lizards
  2 kobolds
  5 rats
99 creatures vanquished.

Notes
Turn   | Place    | Note
-------+----------+-------------------------------------------
     0 | D:1      | retardedninja the Gargoyle Fighter began the quest for the
                  | Orb.
     0 | D:1      | Reached XP level 1. HP: 14/14 MP: 1/1
    69 | D:1      | Reached XP level 2. HP: 8/19 MP: 2/2
   667 | D:1      | Reached XP level 3. HP: 21/23 MP: 3/3
  1151 | D:2      | Noticed Terence
  1162 | D:2      | Killed Terence
  1205 | D:2      | Reached XP level 4. HP: 28/29 MP: 4/4
  1702 | D:2      | Noticed Jessica
  1704 | D:2      | Killed Jessica
  2096 | D:2      | Reached XP level 5. HP: 33/33 MP: 5/5
  2380 | D:3      | Found a bloodstained altar of Trog.
  2450 | D:3      | Noticed Natasha
  2456 | D:3      | Killed Natasha
  2523 | D:3      | Noticed Natasha
  2533 | D:3      | Killed Natasha
  2700 | D:3      | Noticed Natasha
  2710 | D:3      | Killed Natasha
  2711 | D:3      | Reached XP level 6. HP: 22/39 MP: 6/6
  4573 | D:4      | Found a staircase to the Ecumenical Temple.
  4590 | Temple   | Entered the Ecumenical Temple
  4598 | Temple   | Became a worshipper of Sif Muna the Loreminder
  4599 | Temple   | Fell from the grace of Sif Muna
  4844 | D:4      | Identified the +2 cloak of the Zebra {Harm Regen+ rCorr
                  | Int-3}
  5123 | D:4      | Noticed Sigmund
  5142 | D:4      | Killed Sigmund
  5143 | D:4      | Reached skill level 5 in Fighting
  5143 | D:4      | Reached skill level 5 in Armour
  5143 | D:4      | Reached skill level 5 in Shields
  5143 | D:4      | Reached XP level 7. HP: 44/44 MP: 7/7
  5176 | D:4      | Identified the +4 hand axe of Chance {heavy, rPois}
  5419 | D:4      | Identified the +1 whip of Vemofox {freeze, rF++ rC+}
  5796 | D:5      | Entered Level 5 of the Dungeon
  5833 | D:5      | Noticed a shadow
  5834 | D:5      | Found a shadowy altar of Dithmenos.
  5835 | D:5      | Found a hazy altar of Hepliaklqana.
  6006 | D:5      | Reached XP level 8. HP: 51/51 MP: 8/8
  6090 | D:5      | Found a stormy altar of Qazlal.
  6567 | D:5      | Reached skill level 5 in Maces & Flails
  6851 | D:6      | Noticed Maggie
  6866 | D:6      | Mangled by Maggie

Illustrated notes

Levels and vault maps discovered:
D:1:      spicycebolla_arrival_ecumenical, layout_loops_ring,
          due_unseen_surprise
D:2:      minmay_wonky_spiral, layout_loops_ring, uniq_jessica, uniq_terence
D:3:      layout_loops_ring, mainiacjoe_overflow_boulevard, uniq_natasha
D:4:      layout_gridville, minmay_temple_entry_sparse_star, uniq_sigmund
D:5:      layout_gridville, riverfiend_overflow_shadow_ancestor,
          nicolae_qazlal_general_emergency, nicolae_titane
D:6:      layout_gridville, grunt_nemelex_the_gamble, vehumet_statue,
          minitemple, uniq_maggie, uniq_eustachio
Temple:   nicolae_temple_bog_church

Skill      XL: |  1  2  3  4  5  6  7  8 |
---------------+-------------------------+-----
Fighting       | 4 5 6 |  6.2
Shields        | 4 5 6 |  6.2
Armour         | 4 5 6 |  6.2
Maces & Flails | 3 4 5 |  5.1

Action                     |  1- 3 |  4- 6 |  7- 9 || total
---------------------------+-------+-------+-------++-------
  Melee: Flail             |   101 |   227 |   129 ||   457
 Invoke: Renounce Religion |       |     1 |       ||     1
    Use: Potion            |       |     3 |     1 ||     4
         Scroll            |       |    11 |       ||    11
 Armour: Scale mail        |    47 |     2 |       ||    49
         Chain mail        |       |   227 |    89 ||   316
  Dodge: Dodged            |    57 |   129 |    53 ||   239
  Block: Buckler           |    28 |    77 |    27 ||   132

Table legend: (Time is in decaauts)
 A = Elapsed time spent in this place.
 B = Non-inter-level travel time spent in this place.
 C = Inter-level travel time spent in this place.
 D = Time resting spent in this place.
 E = Time spent auto-exploring this place.
 F = Levels seen in this place.
 G = Mean time per level.
                   A        B        C        D        E       F      G
               +--------+--------+--------+--------+--------+-----+--------+
         Total |   6986 |   6683 |    303 |   2332 |   3244 |   7 |  998.0 |
       Dungeon |   6793 |   6507 |    286 |   2332 |   3096 |   6 | 1132.2 |
        Temple |    193 |    176 |     17 |      0 |    148 |   1 |  193.0 |
               +--------+--------+--------+--------+--------+-----+--------+

Top non-repeatable levels by time:
     D:2: 1917 daAuts
     D:4: 1447 daAuts
     D:3: 1195 daAuts
     D:1: 1144 daAuts
     D:5: 1071 daAuts
  Temple: 193 daAuts
     D:6: 17 daAuts
